 Dungeon Crawl Stone Soup version 0.20-a0-959-gdc9e609 (webtiles) character file.

50 JeffiDaFish the Conjurer (level 3, -1/26 HPs)
             Began as a Draconian Conjurer on Apr 7, 2017.
             Slain by a gnoll
             ... wielding a +0 club
              (7 damage)
             ... on level 2 of the Dungeon.
             The game lasted 00:04:07 (1781 turns).

JeffiDaFish the Conjurer (Draconian Conjurer)       Turns: 1781, Time: 00:04:08

Health: -1/26      AC:  6    Str: 10    XL:     3   Next: 55%
Magic:  2/6        EV: 12    Int: 15    God:
Gold:   110        SH:  0    Dex: 12    Spells: 6/7 levels left

rFire    . . .     SeeInvis .   j - +0 halberd
rCold    . . .     Gourm    .   (shield currently unavailable)
rNeg     . . .     Faith    +   (armour unavailable)
rPois    .         Spirit   .   (helmet restricted)
rElec    .         Reflect  .   g - +0 cloak
rCorr    .         Harm     .   (no gloves)
MR       .....                  (no boots)
Stlth    ++........             e - amulet of faith
Regen    0.1/turn               (no ring)
MPRegen  0.1/turn               (no ring)

@: no status effects
A: unfitting armour, cold-blooded, AC +5
a: no special abilities


You were on level 2 of the Dungeon.
You were hungry.

You visited 1 branch of the dungeon, and saw 2 of its levels.

You collected 110 gold pieces.

Inventory:

Hand Weapons
 h - a +0 spear
 j - a +0 halberd (weapon)
Armour
 g - a +0 cloak (worn)
Jewellery
 e - an amulet of faith (around neck)
 i - an uncursed ring of resist corrosion {unknown}
Scrolls
 f - a scroll of magic mapping
Potions
 c - a potion of curing
Books
 a - a book of Conjurations

   Spells                             Type                      Level
   a - Magic Dart                     Conjuration                  1
   b - Searing Ray                    Conjuration                  2
   c - Dazzling Spray                 Conjuration/Hexes            3
   d - Fulminant Prism                Conjuration/Hexes            4
   e - Force Lance                    Conjuration/Translocation    4
   f - Iskenderun's Mystic Blast      Conjuration                  4
Comestibles
 b - 3 bread rations
 d - 4 chunks of flesh


   Skills:
 + Level 0.2 Fighting
 + Level 0.0 Polearms
 + Level 2.0 Dodging
 + Level 2.1 Stealth
 - Level 0.6 Unarmed Combat
 * Level 2.5 Spellcasting
 * Level 4.6 Conjurations


You had 6 spell levels left.
You knew the following spells:

 Your Spells              Type           Power        Failure   Level  Hunger
a - Magic Dart            Conj           ###.         3%          1    #......


Dungeon Overview and Level Annotations

Branches:
Dungeon (2/15)

Altars:
Dithmenos
Gozag


Innate Abilities, Weirdness & Mutations

Your plain brown scales are hard. (AC +5)
You cannot fit into any form of body armour.
You are cold-blooded and may be slowed by cold attacks.


Message History

The gnoll hits you but does no damage.
Attack whom?
Press: ? - help, Dir - move target cursor, f/p - gnoll
Aim: a gnoll, wielding a spear You reach to attack!
You hit the gnoll.
The gnoll is heavily wounded.
The gnoll hits you but does no damage. The gnoll misses you.
You hit the gnoll.
You tail-slap the gnoll, but do no damage.
The gnoll is moderately wounded.
The gnoll hits you from afar with a spear.
The gnoll hits you but does no damage.
The gnoll hits you from afar with a spear.
* * * LOW HITPOINT WARNING * * *
You see here 3 chunks of flesh.
The gnoll hits you from afar with a spear.
* * * LOW HITPOINT WARNING * * *
There is a stone staircase leading up here.
The gnoll hits you with a club!
You die...

..# #.# #.#### #....# ########
.###.# #......######### .....#
#..............#
...############..............#
.............................#
......##########@##..........#
......# #g##..........#
......##### #g##..........#
..........# #.##..........#
..........######g............###
...................g..........>#
####.##########...............###
# #.## #####.###.............. #
#..# #.....# #...%.......##.


You could see 3 gnolls.

Vanquished Creatures
  A gnoll (D:2)
  A worm (D:2)
  2 dart slugs (D:2)
  A leopard gecko (D:1)
  A giant cockroach (D:1)
  4 goblins
  2 hobgoblins (D:2)
  3 jackals (D:1)
  2 ball pythons (D:1)
  5 bats (D:1)
  2 frilled lizards
  4 kobolds
  8 rats
36 creatures vanquished.

Notes
Turn   | Place    | Note
-------+----------+-------------------------------------------
     0 | D:1      | JeffiDaFish the Draconian Conjurer began the quest for the Orb.
     0 | D:1      | Reached XP level 1. HP: 14/14 MP: 3/3
   387 | D:1      | Reached XP level 2. HP: 9/20 MP: 1/5
  1105 | D:2      | Found an opulent altar of Gozag.
  1342 | D:2      | Reached XP level 3. HP: 26/26 MP: 4/6
  1474 | D:2      | Found a shadowy altar of Dithmenos.
  1781 | D:2      | Slain by a gnoll

Vault maps used:
D:1:      dpeg_arrival_water_fire
D:2:      lemuel_round_altar, grunt_gozag_breadcrumbs

Skill      XL: |  1  2  3 |
---------------+----------+-----
Dodging        | 2 |  2.0
Stealth        | 2 |  2.1
Fighting       | |  0.2
Unarmed Combat | |  0.6
Spellcasting   | |  2.5
Conjurations   | |  4.6

Action                   || total
-------------------------++-------
Melee: Unarmed           ||    30
       Tailslap          ||     2
       Dagger            ||     9
       Spear             ||    15
       Halberd           ||     3
       Punch             ||     1
 Cast: Magic Dart        ||    56
  Use: Scroll            ||     7
       Potion            ||     3
 Stab: Sleeping          ||     1
  Eat: Chunk             ||     3
Armor: Skin              ||    18
Dodge: Dodged            ||    36
